 Dungeon Crawl Stone Soup version 0.24-a0-189-g5d897e9 (console) character file.

Game seed: 15306719439959139331

30 bli the Slasher (level 3, 0/30 HPs)
             Began as a Barachi Monk on Mar 16, 2019.
             Slain by a hobgoblin
             ... wielding a +0 club
              (4 damage)
             ... on level 1 of the Dungeon.
             The game lasted 00:02:35 (321 turns).

bli the Slasher (Barachi Monk)                       Turns: 321, Time: 00:02:36

Health: 0/30       AC:  2    Str: 12    XL:     3   Next: 20%
Magic:  3/3        EV: 14    Int: 10    God:
Gold:   64         SH:  0    Dex: 15    Spells: 2/2 levels left

rFire    . . .     SeeInvis .   a - +0 falchion
rCold    . . .     Gourm    .   (no shield)
rNeg     . . .     Faith    .   b - +0 robe
rPois    .         Spirit   .   (no helmet)
rElec    .         Reflect  .   (no cloak)
rCorr    .         Harm     .   (no gloves)
MR       +....                  (no boots)
Stlth    ++........             (no amulet)
HPRegen  0.10/turn              f - ring of protection from magic
MPRegen  0.08/turn              (no ring)

@: slow
A: +LOS, swims, slowness 1, strong legs 1
a: Hop


You were on level 1 of the Dungeon.
You were not hungry.

You visited 1 branch of the dungeon, and saw 1 of its levels.

You collected 64 gold pieces.

Inventory:

Hand Weapons
 a - a +0 falchion (weapon)
Missiles
 e - 8 curare-tipped needles
 h - 11 stones (quivered)
Armour
 b - a +0 robe (worn)
Jewellery
 f - a ring of protection from magic (left hand)
Scrolls
 d - a scroll of teleportation {unknown}
 i - a scroll of identify {unknown}
 j - a scroll of blinking {unknown}
Comestibles
 c - 2 rations
 g - 2 chunks of flesh


   Skills:
 + Level 4.0 Fighting
 + Level 4.1 Long Blades
 * Level 3.9 Dodging
 + Level 2.0 Stealth


You had 2 spell levels left.
You didn't know any spells.
Your spell library was empty.

Dungeon Overview and Level Annotations

Branches:
Dungeon (1/15)

Altars:
The Shining One


Innate Abilities, Weirdness & Mutations

Shadows flee at your approach. (+LOS)
You can swim through water.
You cover ground slowly.
You can hop short distances.


Message History

The hobgoblin is lightly wounded.
The hobgoblin closely misses you.
You hit the hobgoblin.
The hobgoblin is moderately wounded.
The hobgoblin hits you with a +0 club.
* * * LOW HITPOINT WARNING * * *
You closely miss the hobgoblin.
The hobgoblin is moderately wounded.
The hobgoblin barely misses you.
You closely miss the hobgoblin.
The hobgoblin is moderately wounded.
The hobgoblin hits you with a +0 club.
* * * LOW HITPOINT WARNING * * *
You hit the hobgoblin but do no damage.
The hobgoblin is moderately wounded.
The hobgoblin closely misses you.
You barely miss the hobgoblin.
The hobgoblin is moderately wounded.
The hobgoblin hits you with a +0 club.
You die...

#.##.# ###.##.#
#.# #....#.# #.#
#.#..#.####
#.#####.#..#.#..
#.##.......#.#.#
#.##.##.#..#.#.###
#.##.##.#).#......
#r##.##.#..#.#....
#g##.##.#....#....
#@##)...#>........
#.###........#.#..
#.###.########.#.#
#............#.#.#
####....####.#.#.#
#....# #.#.#
#....# #.#.#
#....# #.# ##.....
#.#.#.
######.#.#.###
#.#....


You could see a hobgoblin and a rat.

Vanquished Creatures
  A gnoll (D:1)
  An ooze (D:1)
  2 dart slugs (D:1)
  A giant cockroach (D:1)
  A goblin (D:1)
  2 hobgoblins (D:1)
  4 kobolds (D:1)
  A bat (D:1)
13 creatures vanquished.

Notes
Turn   | Place    | Note
-------+----------+-------------------------------------------
     0 | D:1      | bli the Barachi Monk began the quest for the Orb.
     0 | D:1      | Reached XP level 1. HP: 18/18 MP: 1/1
    79 | D:1      | Reached XP level 2. HP: 17/25 MP: 2/2
   152 | D:1      | Found a glowing golden altar of the Shining One.
   164 | D:1      | Reached XP level 3. HP: 19/30 MP: 3/3
   321 | D:1      | Slain by a hobgoblin

Levels and vault maps discovered:
D:1:      kennysheep_arrival_forest, layout_basic, tso_metal_star

Skill      XL: |  1  2  3 |
---------------+----------+-----
Long Blades    | 4 |  4.1
Stealth        | 2 |  2.0
Fighting       | 4 |  4.0
Dodging        | |  3.9

Action                   || total
-------------------------++-------
Melee: Falchion          ||    55
 Stab: Sleeping          ||     3
Armor: Robe              ||     6
Dodge: Dodged            ||    42
       Rpst.: Falchion   ||    14

Table legend:
 A = Non-vault XP
 B = Vault XP
 C = Vault XP percentage of total XP
 D = Non-vault monster count
 E = Vault monster count
 F = Vault count percentage of total count
                 A         B        C        D         E       F
            +---------+---------+-------+---------+---------+-------
      Total |      44 |       0 |   0.0 |      13 |       0 |   0.0
            +---------+---------+-------+---------+---------+-------
        D:1 |      44 |       0 |   0.0 |      13 |       0 |   0.0
            +---------+---------+-------+---------+---------+-------
